 Dungeon Crawl Stone Soup version 0.24-a0-278-gefa1973 (webtiles) character file.

Game seed: 13891877505168462048

21667 Ijustatesigmund the Basher (level 12, -3/87 HPs)
             Began as an Octopode Fighter on Apr 29, 2019.
             Was the Champion of Cheibriados.
             Slain by a two-headed ogre
             ... wielding a +0 giant club
              (15 damage)
             ... while paralysed by an orc sorcerer
             ... on level 1 of the Orcish Mines.
             The game lasted 00:35:51 (14868 turns).

Ijustatesigmund the Basher (Octopode Fighter)      Turns: 14868, Time: 00:35:52

Health: -3/87      AC:  3    Str: 33    XL:     12   Next: 92%
Magic:  19/19      EV:  2    Int: 26    God:    Cheibriados [******]
Gold:   677        SH:  0    Dex: 33    Spells: 7/11 levels left

rFire    . . .     SeeInvis .   a - +2 flail (protect)
rCold    + . .     Gourm    .   b - +1 shield
rNeg     . . .     Faith    .   (helmet restricted)
rPois    .         Spirit   .   l - +2 amulet of reflection
rElec    .         Reflect  +   i - ring of protection from cold
rCorr    +         Harm     .   q - +3 ring of strength
MR       .....     Rnd*Tele +   j - +2 ring of protection
Stlth    +++++.....             n - +3 ring of evasion
HPRegen  0.24/turn              C - ring of resist corrosion
MPRegen  0.16/turn              (no ring)
                                (no ring)
                                (no ring)

@: paralysed, drained, very slow
A: almost no armour, stealthy swim, amphibious, 8 rings, constrict 8, camouflage
1, agile 1, teleportitis 1, gelatinous body 1
a: Bend Time, Temporal Distortion, Slouch, Step From Time, Renounce Religion


You were on level 1 of the Orcish Mines.
You worshipped Cheibriados.
Cheibriados was exalted by your worship.
You were not hungry.

You visited 2 branches of the dungeon, and saw 15 of its levels.
You also visited: Ice Cave.

You collected 939 gold pieces.
You spent 262 gold pieces at shops.

Inventory:

Hand Weapons
 a - a +2 flail of protection (weapon)
Missiles
 u - 4 throwing nets (quivered)
Armour
 b - a +1 shield (worn)
Jewellery
 i - a ring of protection from cold (left tentacle)
 j - a +2 ring of protection (on tentacle)
 l - a +2 amulet of reflection (around mantle)
 n - a +3 ring of evasion (on tentacle)
 q - a +3 ring of strength (right tentacle)
 C - a ring of resist corrosion (on tentacle)
Wands
 k - a wand of iceblast (1)
 v - a wand of paralysis (13)
Scrolls
 g - 9 scrolls of remove curse
 h - 3 scrolls of identify
 m - a scroll of teleportation
 o - 3 scrolls of fog
 w - 4 scrolls of amnesia
 z - a scroll of immolation
Potions
 c - 3 potions of flight
 e - 4 potions of brilliance
 f - a potion of cancellation
 p - 2 potions of lignification
 r - a potion of resistance
 s - a potion of curing
 t - a potion of agility
 x - a potion of ambrosia
 A - a potion of invisibility
 D - a potion of heal wounds
Comestibles
 d - 21 rations


   Skills:
 + Level 10.0(9.3) Fighting
 + Level 10.4(9.7) Maces & Flails
 - Level 7.6(6.9) Dodging
 - Level 5.0(4.4) Stealth
 - Level 7.7(7.0) Shields
 + Level 4.0(3.4) Conjurations
 - Level 5.1(4.4) Translocations
 + Level 4.0(3.4) Fire Magic
 + Level 10.0(9.3) Invocations


You had 7 spell levels left.
You knew the following spells:

 Your Spells              Type           Power        Failure   Level  Hunger
a - Apportation           Tloc           ###...       6%          1    ##.....
b - Conjure Flame         Conj/Fire      ###.....     26%         3    ####...

Your spell library contained the following spells:

 Spells                   Type           Power        Failure   Level  Hunger
 Flame Tongue             Conj/Fire      ###..        9%          1    ##.....
 Throw Flame              Conj/Fire      ###...       13%         2    ###....
 Animate Skeleton         Necr           N/A          34%         1    ##.....
 Confusing Touch          Hex            #.....       34%         1    ##.....
 Corona                   Hex            #......      34%         1    ##.....
 Pain                     Necr           #...         34%         1    ##.....
 Summon Small Mammal      Summ           #...         34%         1    ##.....
 Ensorcelled Hibernation  Hex/Ice        #.....       47%         2    ###....
 Dazzling Spray           Conj/Hex       #.....       47%         3    ####...
 Inner Flame              Hex/Fire       #.......     47%         3    ####...
 Sticky Flame             Conj/Fire      ###.....     65%         4    #####..
 Confuse                  Hex            #.......     71%         3    ####...
 Regeneration             Chrm/Necr      #.........   71%         3    ####...
 Tukima's Dance           Hex            #.......     71%         3    ####...
 Vampiric Draining        Necr           #.........   71%         3    ####...
 Fireball                 Conj/Fire      ###.......   94%         5    ######.
 Animate Dead             Necr           N/A          98%         4    #####..
 Cause Fear               Hex            #.........   98%         4    #####..
 Silence                  Hex/Air        #.........   100%        5    ######.
 Yara's Violent Unravell  Hex/Tmut       #.........   100%        5    ######.
 Deflect Missiles         Chrm/Air       #.........   100%        6    #######
 Discord                  Hex            #.........   100%        8    #######


Dungeon Overview and Level Annotations

Branches:
Dungeon (14/15)            Temple (0/1) D:6            Lair (0/6) D:8
    Orc (1/2) D:9          Vaults (0/5) D:13

Altars:
Cheibriados
Dithmenos
Elyvilon
Fedhas
Gozag
Hepliaklqana
Kikubaaqudgha
Makhleb
Nemelex Xobeh
Qazlal
Vehumet
Wu Jian
Xom
Yredelemnul
Zin

Shops:
D:6 =   D:11 (

Annotations:
D:8 exclusion: statue


Innate Abilities, Weirdness & Mutations

You cannot wear most types of armour.
You are very stealthy in the water. (Stealth+)
You are amphibious.
You can wear up to eight rings at the same time.
You can use your tentacles to constrict eight enemies at once.
Your skin changes colour to match your surroundings (Stealth+).
Your rubbery body absorbs attacks. (AC +1, EV +1)
You are agile. (Dex +2)
You are occasionally teleported next to monsters.


Message History

The orc sorcerer is lightly wounded.
The orc sorcerer hits you but does no damage.
You hit the orc sorcerer but do no damage.
Your weapon exudes an aura of protection.
You grab the orc sorcerer.
The orc sorcerer is lightly wounded.
You constrict the orc sorcerer.
You block the two-headed ogre's attack. x2
The orc sorcerer gestures at you while chanting.
You suddenly lose the ability to move!
You lose your grip on the orc sorcerer.
The two-headed ogre hits you with a +0 giant club!
The two-headed ogre hits you with a cursed -1 giant spiked club!!
The orc sorcerer hits you but does no damage.
The orc sorcerer hits you but does no damage.
The two-headed ogre hits you with a +0 giant club!
The two-headed ogre hits you with a cursed -1 giant spiked club!
The orc sorcerer gestures at you while chanting.
The bolt of negative energy hits you!!
You feel drained.
* * * LOW HITPOINT WARNING * * *
The two-headed ogre hits you with a +0 giant club!
You die...

***** *******.#,**
,,*,*,,...,##*
,,,,,,,,#.##.#*
,,,,*,,,##....###
,,,,*...#.......##
,,,,,..........o@#
,,,,,.......#..O####*
,,,,,.......#...###.**
,,,,,............#..,#####
,,,,,.......##.[$#..##.#.##
,,,,,..........)........).#
,>,,,...........[.....o#O##
,,,,,..............#.##.##
...o..o......#......รท..$$#


You could see a two-headed ogre and an orc sorcerer.

Vanquished Creatures
  4 two-headed ogres
  A dancing weapon (D:13)
  A tengu warrior (D:12)
  An unseen horror (D:14)
  4 ugly things
  A wolf spider zombie (D:13)
  An orc sorcerer (Orc:1)
  3 cyclopes
  A gargoyle (D:12)
  A tengu conjurer (D:12)
  2 ice devils (IceCv)
  3 trolls
  Grinder (D:3)
  A hornet (D:11)
  3 slime creatures
  A hippogriff (D:9)
  Sigmund (D:3)
  A shadow (D:11)
  A water elemental (D:14)
  A wyvern (D:12)
  5 yaks
  A human (D:7)
  4 hogs (D:7)
  A hungry ghost (D:10)
  4 wargs
  Menkaure (D:6)
  A soldier ant (shapeshifter) (D:13)
  2 acid dragons (D:13)
  7 orc warriors
  A porcupine (D:8)
  6 sky beasts
  2 black bears
  A necrophage (D:8)
  4 phantoms
  4 ice beasts
  6 centaurs
  11 ogres
  A big kobold (D:9)
  Blork the orc (D:6)
  5 bullfrogs
  A gnoll sergeant (D:6)
  A water moccasin skeleton (D:11)
  3 scorpions
  10 killer bees
  2 howler monkeys (D:8)
  2 crimson imps
  6 bullfrog zombies
  A quasit (D:10)
  9 hounds
  5 jellies
  2 bullfrog skeletons
  17 orc wizards
  3 centaur skeletons
  12 orc priests
  3 gnoll shamans (D:6)
  2 iguanas
  Ijyb (D:3)
  10 worker ants
  Terence (D:3)
  A killer bee zombie (D:8)
  A hound zombie (D:7)
  A hound skeleton (D:8)
  12 adders
  36 gnolls
  A shadow imp (D:5)
  2 oozes
  An adder zombie (D:7)
  2 worms
  A dart slug (D:4)
  3 leopard geckos
  56 orcs
  6 giant cockroaches
  5 goblins
  8 hobgoblins
  25 jackals
  14 kobolds
  4 quokkas
  2 ball pythons
  4 bats
  3 frilled lizards
  A leopard gecko skeleton (D:4)
  A leopard gecko zombie (D:6)
  3 quokka skeletons
  10 rats
395 creatures vanquished.

Vanquished Creatures (others)
  An orc (D:12)
  A jackal (D:11)
  A withered plant (D:8)
3 creatures vanquished.

Grand Total: 398 creatures vanquished

Notes
Turn   | Place    | Note
-------+----------+-------------------------------------------
     0 | D:1      | Ijustatesigmund the Octopode Fighter began the quest for
                  | the Orb.
     0 | D:1      | Reached XP level 1. HP: 16/16 MP: 1/1
   248 | D:1      | Reached XP level 2. HP: 21/21 MP: 2/2
   816 | D:2      | Reached XP level 3. HP: 20/26 MP: 3/3
  1017 | D:2      | Gained mutation: You are occasionally teleported next to
                  | monsters. [potion of mutation]
  1017 | D:2      | Gained mutation: You are agile. (Dex +2) [potion of
                  | mutation]
  1117 | D:2      | Found a basalt altar of Yredelemnul.
  1380 | D:2      | Reached XP level 4. HP: 26/32 MP: 4/4
  1643 | D:3      | Noticed Sigmund
  1650 | D:3      | Killed Sigmund
  1650 | D:3      | Reached skill level 5 in Maces & Flails
  1650 | D:3      | Reached XP level 5. HP: 27/38 MP: 5/5
  1781 | D:3      | Reached XP level 6. HP: 44/44 MP: 6/6
  2154 | D:3      | Noticed Terence
  2160 | D:3      | Noticed Grinder
  2162 | D:3      | Killed Terence
  2170 | D:3      | Paralysed by Grinder for 6 turns
  2180 | D:3      | Paralysed by Grinder for 5 turns
  2185 | D:3      | Killed Grinder
  2185 | D:3      | Reached XP level 7. HP: 30/49 MP: 7/7
  2496 | D:3      | Found a shadowy altar of Dithmenos.
  2498 | D:3      | Noticed Ijyb
  2507 | D:3      | Killed Ijyb
  2507 | D:3      | Reached skill level 5 in Fighting
  2704 | D:4      | Found an opulent altar of Gozag.
  2945 | D:4      | Found a snail-covered altar of Cheibriados.
  3227 | D:4      | Became a worshipper of Cheibriados the Contemplative
  3798 | D:4      | Reached skill level 1 in Invocations
  3798 | D:4      | Reached XP level 8. HP: 26/56 MP: 8/8
  4343 | D:5      | Entered Level 5 of the Dungeon
  4423 | D:5      | Found an ornate altar of the Wu Jian Council.
  4576 | D:5      | Reached * piety under Cheibriados
  4812 | D:5      | Found a blossoming altar of Fedhas.
  5327 | D:6      | Found a sparkling altar of Nemelex Xobeh.
  5459 | D:6      | Reached skill level 5 in Dodging
  5466 | D:6      | Found a stormy altar of Qazlal.
  5478 | D:6      | Found a staircase to the Ecumenical Temple.
  5584 | D:6      | Found a glowing silver altar of Zin.
  5597 | D:6      | Reached skill level 5 in Shields
  5671 | D:6      | Reached ** piety under Cheibriados
  5890 | D:6      | Noticed Blork the orc
  5986 | D:6      | Killed Blork the orc
  5986 | D:6      | Reached XP level 9. HP: 53/62 MP: 12/12
  6207 | D:6      | Reached *** piety under Cheibriados
  6303 | D:6      | Reached skill level 5 in Invocations
  6410 | D:6      | Noticed Menkaure
  6420 | D:6      | Killed Menkaure
  6712 | D:6      | Found Qiha Rio's Jewellery Shoppe.
  6730 | D:6      | Bought a +2 ring of protection for 150 gold pieces
  6730 | D:6      | Bought a +2 amulet of reflection for 112 gold pieces
  6742 | D:6      | Found a sparkling altar of Nemelex Xobeh.
  7393 | D:7      | Found a shimmering altar of Xom.
  7395 | D:7      | Found a white marble altar of Elyvilon.
  7395 | D:7      | Found a shimmering altar of Xom.
  7397 | D:7      | Found a stormy altar of Qazlal.
  7397 | D:7      | Found a glowing silver altar of Zin.
  7397 | D:7      | Found a shadowy altar of Dithmenos.
  7783 | D:7      | Reached **** piety under Cheibriados
  8024 | D:8      | Found a radiant altar of Vehumet.
  8042 | D:8      | Reached XP level 10. HP: 57/71 MP: 14/14
  8262 | D:8      | Noticed a red ugly thing
  8558 | D:9      | Found a staircase to the Orcish Mines.
  9363 | D:9      | Learned a level 1 spell: Apportation
  9524 | D:8      | Found an ancient bone altar of Kikubaaqudgha.
  9529 | D:8      | Reached ***** piety under Cheibriados
  9770 | D:8      | Found a hazy altar of Hepliaklqana.
  9828 | D:8      | Killed a red ugly thing
 10068 | D:8      | Found a burning altar of Makhleb.
 10090 | D:8      | Reached XP level 11. HP: 67/77 MP: 16/16
 10208 | D:8      | Found a staircase to the Lair.
 10286 | Orc:1    | Entered Level 1 of the Orcish Mines
 10328 | Orc:1    | Noticed an orc sorcerer
 10340 | Orc:1    | Killed an orc sorcerer
 10340 | Orc:1    | Reached skill level 1 in Translocations
 10347 | Orc:1    | Found a frozen archway.
 10356 | Orc:1    | Noticed an orc sorcerer
 10357 | IceCv    | Entered an ice cave
 10551 | Orc:1    | Noticed a two-headed ogre
 10561 | Orc:1    | Noticed an orc high priest
 10772 | D:10     | Entered Level 10 of the Dungeon
 11067 | D:10     | Reached skill level 5 in Translocations
 11358 | D:11     | Noticed a two-headed ogre
 11367 | D:11     | Killed a two-headed ogre
 11588 | D:11     | You fall through a shaft for 3 floors!
 11603 | D:14     | Killed an unseen horror
 11676 | D:14     | Noticed a wizard
 11908 | D:13     | Noticed a cyclops
 12020 | D:12     | Noticed a tengu warrior
 12032 | D:12     | Noticed a white ugly thing
 12330 | D:11     | Noticed a purple ugly thing
 12341 | D:10     | Killed a purple ugly thing
 12341 | D:10     | Reached skill level 5 in Stealth
 12531 | D:11     | Found Juli's Weapon Boutique.
 12591 | D:11     | Noticed a cyclops
 12597 | D:11     | Killed a cyclops
 12597 | D:11     | Reached XP level 12. HP: 85/85 MP: 18/18
 12609 | D:11     | Learned a level 3 spell: Conjure Flame
 12760 | D:11     | Reached ****** piety under Cheibriados
 12812 | D:11     | Reached skill level 1 in Conjurations
 12812 | D:11     | Reached skill level 1 in Fire Magic
 12937 | D:11     | Noticed a two-headed ogre
 12946 | D:11     | Killed a two-headed ogre
 13456 | D:12     | Killed a tengu warrior
 13456 | D:12     | Reached skill level 10 in Maces & Flails
 13995 | D:13     | Found a gate to the Vaults.
 14671 | Orc:1    | Noticed a two-headed ogre
 14671 | Orc:1    | Noticed a two-headed ogre
 14688 | D:9      | Killed a two-headed ogre
 14795 | D:9      | Killed a two-headed ogre
 14795 | D:9      | Reached skill level 10 in Fighting
 14795 | D:9      | Reached skill level 10 in Invocations
 14855 | Orc:1    | Noticed a two-headed ogre
 14855 | Orc:1    | Noticed a two-headed ogre
 14864 | Orc:1    | Paralysed by an orc sorcerer for 6 turns
 14868 | Orc:1    | Slain by a two-headed ogre

Levels and vault maps discovered:
D:1:      wander_arrival_fairy_ring, layout_loops_ring,
          corexii_item_surrounded_by_moat
D:2:      layout_basic, yredelemnul_altar_generic, first_ration
D:3:      layout_loops_corners, grunt_dithmenos_smoke, uniq_grinder, uniq_ijyb,
          uniq_sigmund, uniq_terence
D:4:      layout_basic, nicolae_gozag_seed_capital, kennysheep_slug_shrine
D:5:      layout_loops_corners, fedhas_ov_isle_minmay, lemuel_doored_altar
D:6:      lemuel_castle_with_subvaults [lemuel_castle_interior_carwin_3],
          layout_gridville, kennysheep_mini, grunt_qazlal_clouds,
          minmay_temple_entry_large_hall, basic_altar,
          minmay_shop_enchanted_jewellery, nrook_uturn,
          nemelex_xobeh_ov_fountains_minmay, uniq_menkaure, uniq_blork_the_orc
D:7:      lemuel_upstairs_altar, layout_loops_ring, doesnt_xom_only_xom,
          grunt_livestock, minmay_misc_feat_diagonals
D:8:      layout_gridville, vehumet_statue, kiku_gazebo_garden_becter,
          kennysheep_little_box, grunt_lair_entry_orc_guard_hut,
          makhleb_blood_cavern_becter
D:9:      layout_layer_cave, minmay_orc_entry_guard_dogs
D:10:     layout_long_grid
D:11:     layout_basic, serial_shops, shop
D:12:     layout_big_octagon
D:13:     layout_basic, erik_vaults_1
D:14:     layout_long_grid, serial_shops, nicolae_shop_trees,
          hellmonk_ghost_happy_afterlife, kennysheep_nondescript,
          nicolae_water_bricks, lemuel_centaur_altar
Orc:1:    layout_caves, portal_ice_cave_entry_pillars_2

Skill      XL: |  1  2  3  4  5  6  7  8  9 10 11 12 |
---------------+-------------------------------------+-----
Maces & Flails | 3 5 6 7 8 9 10 | 10.4
Fighting       | 4 5 6 7 8 9 10 | 10.0
Dodging        | 4 5 6 7 |  7.6
Shields        | 4 5 6 7 |  7.7
Invocations    | 1 4 6 7 8 10 | 10.0
Translocations | 5 |  5.1
Stealth        | 5 |  5.0
Conjurations   | 4 |  4.0
Fire Magic     | 4 |  4.0

Action                   |  1- 3 |  4- 6 |  7- 9 | 10-12 || total
-------------------------+-------+-------+-------+-------++-------
Melee: Flail             |    65 |    74 |   245 |   492 ||   876
       Constrict         |    19 |    22 |    79 |    92 ||   212
       Tentacles         |    10 |    11 |    82 |   210 ||   313
Throw: Javelin           |       |     2 |     6 |     2 ||    10
       Throwing net      |       |       |       |     3 ||     3
 Cast: Apportation       |       |       |       |    13 ||    13
Invok: Slouch            |       |       |       |     2 ||     2
       Bend Time         |       |       |       |     1 ||     1
       Step From Time    |       |       |       |     1 ||     1
Evoke: Wand              |       |       |    11 |     3 ||    14
  Use: Scroll            |     9 |     2 |     7 |    13 ||    31
       Potion            |     1 |     2 |     5 |     4 ||    12
 Stab: Sleeping          |     6 |     4 |    10 |    19 ||    39
       Distracted        |       |     1 |     1 |     3 ||     5
  Eat: Chunk             |     1 |     3 |    10 |     3 ||    17
       Ration            |       |       |     1 |     4 ||     5
Armor: Skin              |     3 |     7 |     9 |    49 ||    68
Dodge: Dodged            |    29 |    30 |   122 |   311 ||   492
Block: Shield            |    33 |    24 |   111 |   423 ||   591
       Reflection        |       |       |       |    17 ||    17

Table legend:
 A = Non-vault XP
 B = Vault XP
 C = Vault XP percentage of total XP
 D = Non-vault monster count
 E = Vault monster count
 F = Vault count percentage of total count
                 A         B        C        D         E       F
            +---------+---------+-------+---------+---------+-------
      Total |   25663 |    5291 |  17.1 |     321 |      75 |  18.9
            +---------+---------+-------+---------+---------+-------
        D:1 |      23 |       0 |   0.0 |      16 |       0 |   0.0
        D:2 |      60 |       0 |   0.0 |      12 |       0 |   0.0
        D:3 |     145 |     564 |  79.5 |      35 |       4 |  10.3
        D:4 |     513 |       4 |   0.8 |      18 |       1 |   5.3
        D:5 |     598 |       0 |   0.0 |      14 |       0 |   0.0
        D:6 |     248 |     950 |  79.3 |      11 |      53 |  82.8
        D:7 |     448 |     987 |  68.8 |      15 |       5 |  25.0
        D:8 |    1857 |     701 |  27.4 |      29 |       6 |  17.1
        D:9 |    3945 |     504 |  11.3 |      45 |       3 |   6.2
       D:10 |    1483 |       0 |   0.0 |      15 |       0 |   0.0
       D:11 |    5126 |       0 |   0.0 |      44 |       0 |   0.0
       D:12 |    3526 |       0 |   0.0 |      17 |       0 |   0.0
       D:13 |    4298 |     904 |  17.4 |      26 |       1 |   3.7
       D:14 |     961 |       0 |   0.0 |       2 |       0 |   0.0
      Orc:1 |    2432 |       0 |   0.0 |      22 |       0 |   0.0
      IceCv |       0 |     677 | 100.0 |       0 |       2 | 100.0
            +---------+---------+-------+---------+---------+-------
